cohdb
Replays
Latest Replays
All Replays
Popular Replays
Top Player Replays
Match Explorer
How It Works
Community
CoH3 Stats
Reddit
Sign in to upload your games and track your stats! →
Sign in with Steam
Match 39618738
Unlisted
Match 39618738
Overview
Messages
Build Orders
End
Vickers Machine Gun Team
Construct Section Command Post
Selects Canadian Shock Battlegroup
Selects Canadian Shock Battlegroup
Infantry Section
Infantry Section
Infantry Section
Construct Platoon Command Post
Selects Attacking Spirit
Selects Canadian Shock Section
Canadian Shock Section
Humber Armored Car
Construct Field Infirmary
Canadian Shock Section
Selects Incendiary Munitions
Selects Pyrotechnics
Grenade Package
Infantry Training
6-pounder Anti-tank Gun Team
ML 3-inch Mortar Team
Unlock M3 Stuart Light Tanks
M3 Stuart Light Tank
Construct Company Command Post
Selects Churchill Crocodile Heavy Tank
Canadian Shock Section
Churchill Crocodile Heavy Tank
Royal Engineer Section
M3 Stuart Light Tank
Canadian Shock Section
Selects Point Assault
Giee
只愛❤毛妹
0
0
Comments
sign in to comment!
No comments posted yet!